 Dungeon Crawl Stone Soup version 0.20.1-1-g8b1a95d (webtiles) character file.

102 tidbits the Insei (level 4, -2/34 HPs)
             Began as a Demigod Transmuter on Aug 20, 2017.
             Killed by divine providence
             ... invoked by an orc priest
              (12 damage)
             ... on level 6 of the Dungeon.
             The game lasted 00:11:17 (1292 turns).

tidbits the Insei (Demigod Transmuter)              Turns: 1292, Time: 00:11:18

Health: -2/34      AC:  3    Str: 13    XL:     4   Next: 25%
Magic:  0/9        EV: 12    Int: 19    God:
Gold:   71         SH:  0    Dex: 16    Spells: 1/7 levels left

rFire    . . .     SeeInvis .   a - +1 short sword (drain)
rCold    . . .     Gourm    .   (no shield)
rNeg     . . .     Faith    .   b - +0 robe
rPois    .         Spirit   +   l - +0 helmet
rElec    .         Reflect  .   (no cloak)
rCorr    .         Harm     .   (no gloves)
MR       .....                  (no boots)
Stlth    +.........             n - amulet of guardian spirit
Regen    0.2/turn               (no ring)
MPRegen  0.2/turn               (no ring)

@: drained
A: high mp 1
a: no special abilities


You were on level 6 of the Dungeon.
You were not hungry.

You visited 1 branch of the dungeon, and saw 4 of its levels.

You collected 71 gold pieces.

Inventory:

Hand Weapons
 a - a +1 short sword of draining (weapon)
   (You took it off a kobold on level 2 of the Dungeon)
Missiles
 e - 15 stones (quivered)
 k - 86 arrows
Armour
 b - a +0 robe (worn)
 l - a +0 helmet (worn)
Jewellery
 n - an amulet of guardian spirit (around neck)
   (You found it on level 6 of the Dungeon)
Wands
 f - a wand of polymorph (10/24)
Scrolls
 h - 2 scrolls of identify {unknown}
 i - a scroll of random uselessness {unknown}
 j - 2 scrolls of teleportation {unknown}
Potions
 g - a potion of heal wounds {unknown}
Books
 c - a book of Changes

   Spells                             Type                      Level
   a - Beastly Appendage              Transmutation                1
   b - Sticks to Snakes               Transmutation                2
   c - Spider Form                    Transmutation/Poison         3
   d - Ice Form                       Ice/Transmutation            4
   e - Blade Hands                    Transmutation                5
Comestibles
 d - 4 bread rations
 m - 4 chunks of flesh


   Skills:
 - Level 0.8(0.4) Fighting
 - Level 1.7(1.3) Dodging
 + Level 4.3(3.8) Unarmed Combat
 - Level 2.0(1.6) Spellcasting
 + Level 2.5(2.0) Transmutations


You had one spell level left.
You knew the following spells:

 Your Spells              Type           Power        Failure   Level  Hunger
e - Beastly Appendage     Tmut           #.....       8%          1    #......
k - Sticks to Snakes      Tmut           #.......     11%         2    ###....
p - Spider Form           Tmut/Pois      #.........   34%         3    ###....


Dungeon Overview and Level Annotations

Branches:
Dungeon (3/15)


Innate Abilities, Weirdness & Mutations

You have an increased reservoir of magic. (+10% MP)


Message History

The hobgoblin dies!
Okay, then.
You swap places.
You see here a hobgoblin corpse.
You butcher the hobgoblin corpse.
f - a chunk of flesh You see here a hobgoblin skeleton.
Eat a chunk of flesh? (ye/n/q)
You eat the chunk of flesh.
This raw flesh tastes terrible.
Magic restored.
Your adder withers and dies!
There is a stone staircase leading down here.
You climb downwards.
You hear the sound of rushing water.
There is an entrance to a sewer on this level.
Hurry and find it before the portal rusts away!
You hear the slow rusting of a very distant drain.
Level annotation: Robin A goblin comes into view.
It is wielding a dagger.
The goblin shouts!
The goblin hits you but does no damage. The goblin barely misses you.
There is a stone staircase leading up, spattered with blood here.
The goblin hits you but does no damage.
Things that are here:
a club; a goblin corpse
Casting: Sticks to Snakes
Confirm with . or Enter, or press ? or * to list all spells.
You create a snake!
You now have 70 arrows.
The goblin hits your adder with a dagger.
You closely miss the goblin. Your adder misses the goblin.
The goblin hits you with a dagger.
* * * LOW HITPOINT WARNING * * *
You completely miss the goblin.
Your adder bites the goblin.
The goblin dies!
You hit the goblin.
You kill the goblin!
You barely miss the goblin.
Your adder bites the goblin.
The goblin closely misses your adder.
You barely miss the goblin.
The goblin is almost dead.
Your adder bites the goblin.
The goblin dies!
Your adder bites Robin.
Robin is poisoned.
Your adder poisons Robin!
You completely miss Robin.
Robin is lightly wounded.
Your adder bites Robin.
Robin hits you with a dagger.
* * * LOW HITPOINT WARNING * * *
You hit Robin but do no damage.
Robin is moderately wounded.
Your adder barely misses Robin.
Robin zaps a wand.
You resist with some effort.
It is a wand of polymorph (?/24).
Your adder bites Robin.
You barely miss Robin.
Robin is moderately wounded.
Robin barely misses you.
Your adder bites Robin.
Robin looks even sicker.
Your adder poisons Robin!
You hit Robin.
Robin is severely wounded.
Your adder bites Robin.
Robin looks even sicker.
Your adder poisons Robin!
Robin hits you with a dagger.
* * * LOW HITPOINT WARNING * * *
You hit Robin but do no damage. You drain Robin!
You kill Robin!
f - a wand of polymorph (?/24) {zapped: 1}
Items here: )))) [[ ††
l - a helmet Butcher the hobgoblin corpse of Robin? [(y)es/(c)hoosy/(n)o/(a)ll/(e)dible/(q)uit/?]
Butcher a goblin corpse? [(y)es/(c)hoosy/(n)o/(a)ll/(e)dible/(q)uit/?]
Okay, then.
You butcher the hobgoblin corpse of Robin.
m - 4 chunks of flesh
Items here: )))) [ ÷ † Unknown command.
Wear which item? (? for menu, Esc to quit)
You start putting on your armour.
You continue putting on your helmet.
Magic restored.
You continue putting on your helmet. x3
You finish putting on your +0 helmet.
Things that are here:
a club; a goblin corpse
There is a stone staircase leading up, spattered with blood here.
Things that are here:
a sling bullet; a club; a hobgoblin corpse You see here a dagger.
Your adder withers and dies!
You fall through a shaft for 3 floors!
The shaft crumbles and collapses.
Found 16 arrows.
Found a lumpy soapstone amulet.
k - 86 arrows (gained 16)
An orc priest comes into view.
An orc priest is nearby!
Found a dented filigree amulet.
Found a stone staircase leading down.
You see here a dented filigree amulet.
n - a dented filigree amulet Put on which piece of jewellery? (? for menu, Esc to quit)
You feel your power drawn to a protective spirit.
n - an amulet of guardian spirit (around neck)
The orc priest calls down the wrath of Beogh upon you.
Beogh smites you!
You die...

#.# #.##
...# #..#
#..# #..#
#..# #@.#
#..# #..#
#..# #..#
#..#
#.#####o.#
#........#
########.#


You could see an orc priest.

Vanquished Creatures
  Robin (D:3)
  An adder (D:2)
  A worm (D:2)
  2 leopard geckos
  2 bats
  6 giant cockroaches
  8 goblins
  3 hobgoblins
  4 jackals (D:1)
  7 kobolds
  A ball python (D:2)
  2 frilled lizards
  8 rats
46 creatures vanquished.

Vanquished Creatures (collateral kills)
  2 adders (D:2)
  An ooze (D:2)
  A worm (D:2)
  A leopard gecko (D:2)
  2 giant cockroaches (D:1)
  6 goblins
  4 hobgoblins
  2 kobolds (D:2)
19 creatures vanquished.

Grand Total: 65 creatures vanquished

Notes
Turn   | Place    | Note
-------+----------+-------------------------------------------
     0 | D:1      | tidbits the Demigod Transmuter began the quest for the Orb.
     0 | D:1      | Reached XP level 1. HP: 15/15 MP: 5/5
    39 | D:1      | Reached skill level 3 in Unarmed Combat
   131 | D:1      | Reached XP level 2. HP: 21/22 MP: 5/7
   135 | D:1      | Learned a level 2 spell: Sticks to Snakes
   228 | D:1      | HP: 2/22 [kobold (2)]
   553 | D:2      | Reached XP level 3. HP: 27/27 MP: 4/8
   671 | D:2      | Reached skill level 2 in Spellcasting
   676 | D:2      | Learned a level 3 spell: Spider Form
   831 | D:2      | Reached skill level 4 in Unarmed Combat
   835 | D:2      | Reached skill level 2 in Transmutations
  1013 | D:2      | Reached XP level 4. HP: 24/34 MP: 7/9
  1037 | D:2      | Found a burning altar of Makhleb.
  1039 | D:2      | Found a glowing silver altar of Zin.
  1039 | D:2      | Noticed an Executioner
  1039 | D:2      | Noticed an angel
  1095 | D:3      | Noticed Robin
  1143 | D:2      | HP: 2/34 [hobgoblin[Robin] (2)]
  1241 | D:3      | Killed Robin
  1272 | D:3      | You fall through a shaft for 3 floors!
  1292 | D:6      | Killed from afar by an orc priest

Skill      XL: |  1  2  3 |
---------------+----------+-----
Unarmed Combat | 3 4 |  4.3
Spellcasting   | 2 |  2.0
Transmutations | 2 |  2.5
Fighting       | |  0.8
Dodging        | |  1.7

Action                   |  1- 3 |  4- 6 || total
-------------------------+-------+-------++-------
Melee: Unarmed           |    94 |       ||    94
       Headbutt          |     4 |       ||     4
       Kick              |     3 |       ||     3
       Punch             |     1 |       ||     1
       Short sword       |    32 |    26 ||    58
Throw: Stone             |     3 |       ||     3
 Cast: Beastly Appendage |    20 |       ||    20
       Sticks to Snakes  |    20 |     5 ||    25
  Use: Potion            |     1 |       ||     1
  Eat: Chunk             |     3 |     1 ||     4
Armor: Robe              |    15 |     2 ||    17
       Skin              |     2 |       ||     2
Dodge: Dodged            |    66 |    18 ||    84

Table legend:
 A = Turns spent in this place as a percentage of turns spent in the entire game.
 B = Non-inter-level travel turns spent in this place as a percentage of non-inter-level travel turns spent in the entire game.
 C = Inter-level travel turns spent in this place as a percentage of turns spent in this place.
 D = Turns resting spent in this place as a percentage of non-inter-level travel turns spent in this place.
 E = Turns spent auto-exploring this place as a percentage of non-inter-level travel turns spent in this place.
 F = Non-inter-level travel turns spent in this place divided by the number of levels of this place that you've seen.
                   A       B       C       D       E      F
               +-------+-------+-------+-------+-------+----------------------
         Total | 100.0 | 100.0 |   0.1 |   0.0 |   0.0 | 308.2
       Dungeon | 100.0 | 100.0 |   0.1 |   0.0 |   0.0 | 308.2
               +-------+-------+-------+-------+-------+----------------------

Table legend:
 A = Kills in this place as a percentage of kills in entire the game.
 B = Kills by you in this place as a percentage of kills by you in the entire game.
 C = Kills by friends in this place as a percentage of kills by friends in the entire game.
 D = Other kills in this place as a percentage of other kills in the entire game.
 E = Experience gained in this place as a percentage of experience gained in the entire game.
 F = Experience gained in this place divided by the number of levels of this place that you have seen.
                   A       B       C       D       E      F
               +-------+-------+-------+-------+-------+----------------------
         Total | 100.0 | 100.0 | 100.0 |  -nan | 100.0 |  36.5
       Dungeon | 100.0 | 100.0 | 100.0 |  -nan | 100.0 |  36.5
               +-------+-------+-------+-------+-------+----------------------

Vault maps used:
D:1:      lightli_arrival_statuegarden
D:2:      grunt_temple_overflow_order_and_chaos_2, minmay_circled_x
D:3:      lemuel_crystal_altar, portal_sewer_entry_e, makhleb_heckhound_becter,
          uniq_natasha, uniq_sigmund, uniq_crazy_yiuf_cottage, uniq_jessica,
          uniq_robin
D:6:      basic_altar, st_stairs_13, uniq_menkaure
